 Dungeon Crawl Stone Soup version 0.26-a0-491-g70697cc071 (webtiles) character file.

Game seed: 6967195630448995603

24 BeastOfSaturn the Grasshopper (level 2, 0/23 HPs)
             Began as a Demonspawn Warper on Aug 5, 2020.
             Slain by a bat (1 damage)
             ... on level 1 of the Dungeon.
             The game lasted 00:01:08 (687 turns).

BeastOfSaturn the Grasshopper (Demonspawn Warper)    Turns: 687, Time: 00:01:08

Health: 0/23       AC:  4    Str: 11    XL:     2   Next: 79%
Magic:  5/5        EV: 12    Int: 14    God:
Gold:   13         SH:  0    Dex: 12    Spells: 5/5 levels left

rFire    . . .     SeeInvis .   a - +0 falchion
rCold    . . .     Faith    .   (no shield)
rNeg     . . .     Spirit   .   b - +0 leather armour
rPois    .         Reflect  .   (no helmet)
rElec    .         Harm     .   (no cloak)
rCorr    .                      h - +0 pair of gloves
MR       .....                  (no boots)
Stlth    +.........             (no amulet)
HPRegen  0.07/turn              (no ring)
MPRegen  0.09/turn              (no ring)

@: lethally poisoned (0 -> -5)
A: demonic guardian 1
a: no special abilities


You were on level 1 of the Dungeon.
You visited 1 branch of the dungeon, and saw 1 of its levels.

You collected 13 gold pieces.

Inventory:

Hand Weapons
 a - a +0 falchion (weapon)
Missiles
 e - 5 boomerangs of dispersal (quivered)
Armour
 b - a +0 leather armour (worn)
 h - a +0 pair of gloves (worn)
Scrolls
 c - a scroll of fear {unknown}
 d - a scroll of blinking
 f - a scroll of magic mapping {unknown}
Potions
 g - 2 potions of might {unknown}
 i - a potion of cancellation {unknown}


   Skills:
 * Level 2.4 Fighting
 * Level 2.3 Long Blades
 - Level 0.8 Throwing
 - Level 0.8 Armour
 * Level 2.2 Dodging
 - Level 2.0 Spellcasting
   Level 2.6 Translocations


You had 5 spell levels left.
You didn't know any spells.
Your spell library contained the following spells:

 Spells                   Type           Power        Failure   Level
 Blink                    Tloc           N/A          16%         2
 Gell's Gravitas          Tloc           #.........   30%         3
 Lesser Beckoning         Tloc           #.........   30%         3
 Teleport Other           Tloc           #.......     30%         3
 Passage of Golubria      Tloc           N/A          71%         4


Dungeon Overview and Level Annotations

Branches:
Dungeon (1/15)

Altars:


Innate Abilities, Weirdness & Mutations

A weak demonic guardian rushes to your aid.


Message History

* * * LOW HITPOINT WARNING * * *
You feel sick. The bat hits you but does no damage.
The dart slug closely misses you.
You hit the dart slug.
You kill the dart slug!
The bat closely misses you.
* * * LOW HITPOINT WARNING * * *
You feel sick. The bat barely misses you. The bat closely misses you.
You are too injured to fight recklessly!
You are too injured to fight recklessly!
You are too injured to fight recklessly!
You barely miss the bat. The bat misses you. The bat hits you.
* * * LOW HITPOINT WARNING * * *
* * * LOW HITPOINT WARNING * * *
You feel sick. The bat hits you but does no damage.
There is a lethal amount of poison in your body!
The bat misses you. The bat hits you but does no damage. The bat hits you.
You die...

### #.. .####..#####
####
...........##...##
.................##
..........b.......#
#...@........#
#............# #
#.....)))...# ######
#.#...#....## #.....
.....####.#######(####
###.....##.###.(..(#
##.##........#####
..#...#.#####
.....r##..


You could see a bat.

Vanquished Creatures
  2 adder zombies (D:1)
  A dart slug (D:1)
  A bat (D:1)
  5 goblins (D:1)
  2 kobolds (D:1)
  5 rats (D:1)
16 creatures vanquished.

Notes
Turn   | Place    | Note
-------+----------+-------------------------------------------
     0 | D:1      | BeastOfSaturn the Demonspawn Warper began the quest for the
                  | Orb.
     0 | D:1      | Reached XP level 1. HP: 16/16 MP: 3/3
   311 | D:1      | Gained mutation: A weak demonic guardian rushes to your
                  | aid. [demonic ancestry]
   311 | D:1      | Reached XP level 2. HP: 12/22 MP: 5/5
   685 | D:1      | HP: 1/23 [poisoned by a goblin]
   687 | D:1      | Slain by a bat

Illustrated notes

Levels and vault maps discovered:
D:1:      saegor_arrival_fortress, layout_rooms, solitary_fountain

Skill      XL: |  1 |
---------------+----+-----
Long Blades    | 2 |  2.3
Dodging        | 2 |  2.2
Fighting       | |  2.4
Throwing       | |  0.8
Armour         | |  0.8
Spellcasting   | |  2.0
Translocations | |  2.6

Action                   || total
-------------------------++-------
Melee: Falchion          ||    54
Armor: Leather armour    ||    29
Dodge: Dodged            ||    50
       Rpst.: Falchion   ||     9

Table legend: (Time is in decaauts)
 A = Elapsed time spent in this place.
 B = Non-inter-level travel time spent in this place.
 C = Inter-level travel time spent in this place.
 D = Time resting spent in this place.
 E = Time spent auto-exploring this place.
 F = Levels seen in this place.
 G = Mean time per level.
                   A        B        C        D        E       F      G
               +--------+--------+--------+--------+--------+-----+--------+
         Total |    697 |    685 |     12 |    271 |    306 |   1 |  697.0 |
       Dungeon |    697 |    685 |     12 |    271 |    306 |   1 |  697.0 |
               +--------+--------+--------+--------+--------+-----+--------+

Top non-repeatable levels by time:
     D:1: 697 daAuts
